 Dungeon Crawl Stone Soup version 0.27-a0-906-g0a00ce863d (webtiles) character file.

Game seed: 8278920845237643270

7 nicknak712 the Skirmisher (level 1, -4/18 HPs)
             Began as a Demonspawn Berserker on Apr 7, 2021.
             Was a Follower of Trog.
             Succumbed to a kobold's poison
             ... on level 1 of the Dungeon.
             The game lasted 00:01:17 (335 turns).

nicknak712 the Skirmisher (Demonspawn Berserker)     Turns: 335, Time: 00:01:18

Health: -4/18      AC:  3    Str: 17    XL:     1   Next: 83%
Magic:  1/1        EV: 11    Int:  8    God:    Trog [*.....]
Gold:   21         SH:  0    Dex: 12    Spells: 0/0 levels left

rFire    . . .     SeeInvis .   a - +0 falchion
rCold    . . .     Faith    .   (no shield)
rNeg     . . .     Spirit   .   c - +0 leather armour
rPois    .         Reflect  .   (no helmet)
rElec    .         Harm     .   (no cloak)
rCorr    .         Rampage  .   (no gloves)
Will     .....                  (no boots)
Stlth    +.........             (no amulet)
HPRegen  0.06/turn              (no ring)
MPRegen  0.07/turn              (no ring)

@: lethally poisoned (-4 -> -28)
A: no striking features
a: Renounce Religion, Berserk


You were on level 1 of the Dungeon.
You worshipped Trog.
Trog was aware of your devotion.
You visited 1 branch of the dungeon, and saw 1 of its levels.

You collected 21 gold pieces.

Inventory:

Hand Weapons
 a - a +0 falchion (weapon)
Armour
 b - a +0 animal skin
 c - a +0 leather armour (worn)
Potions
 d - 2 potions of flight {unknown}


   Skills:
 + Level 3.1 Fighting
 + Level 2.9 Long Blades
 + Level 1.8 Armour
 + Level 1.8 Dodging


You couldn't memorise any spells.
You didn't know any spells.
Your spell library was empty.

Dungeon Overview and Level Annotations

Branches:
Dungeon (1/15)

Altars:


Message History

The quokka is moderately wounded.
The quokka bites you but does no damage.
The quokka closely misses you.
You riposte.
You hit the quokka.
The quokka is almost dead.
You hit the quokka.
You kill the quokka!
Trog accepts your kill.
You now have 21 gold pieces (gained 9).
A rat, a goblin and a kobold come into view.
The kobold is wielding a +2 short sword of venom.
The goblin shouts!
The kobold shouts!
Found a plate armour.
Found a faded altar of an unknown god.
Found a stone staircase leading down.
The rat bites you.
You closely miss the rat. The rat barely misses you.
You riposte.
You hit the rat.
You kill the rat!
Trog accepts your kill. The goblin hits you but does no damage.
The kobold hits you with a +2 short sword of venom.
You are poisoned.
You see here a rat corpse.
You barely miss the goblin.
You feel sick. The goblin barely misses you.
The kobold hits you with a +2 short sword of venom.
You are lethally poisoned!
The goblin closely misses you.
The kobold hits you with a +2 short sword of venom.
You are more poisoned.
You hit the goblin.
The goblin is moderately wounded.
* * * LOW HITPOINT WARNING * * *
You feel extremely sick. The goblin misses you. The kobold closely misses you.
You riposte.
You slash the kobold!
You kill the kobold!
Trog accepts your kill.
You hit the goblin.
You kill the goblin!
Trog accepts your kill.
You die...

...#
###+####......#
#+## #......#
#.####......#
..........#.#
#.#######.#.#
#.#.# #.# #.#
#.#######@#
#.......))#
#.........#
#.........#
#..[......#
#...........
.>.......####
.........#
._.......#


There were no monsters in sight!

Vanquished Creatures
  An endoplasm (D:1)
  2 goblins (D:1)
  A quokka (D:1)
  2 kobolds (D:1)
  A rat (D:1)
7 creatures vanquished.

Notes
Turn   | Place    | Note
-------+----------+-------------------------------------------
     0 | D:1      | nicknak712 the Demonspawn Berserker began the quest for the
                  | Orb.
     0 | D:1      | Reached XP level 1. HP: 18/18 MP: 1/1
   324 | D:1      | Found a faded altar of an unknown god.
   335 | D:1      | Succumbed to a kobold's poison

Illustrated notes

Levels and vault maps discovered:
D:1:      amcnicky_arrival_flooded_fountain, layout_basic,
          basic_ecumenical_altar, corexii_leaking_fountain

Action                   || total
-------------------------++-------
Melee: Falchion          ||    22
Armor: Leather armour    ||     4
Dodge: Dodged            ||    14
       Rpst.: Falchion   ||     4

Table legend: (Time is in decaauts)
 A = Elapsed time spent in this place.
 B = Non-inter-level travel time spent in this place.
 C = Inter-level travel time spent in this place.
 D = Time resting spent in this place.
 E = Time spent auto-exploring this place.
 F = Levels seen in this place.
 G = Mean time per level.
                   A        B        C        D        E       F      G
               +--------+--------+--------+--------+--------+-----+--------+
         Total |    338 |    338 |      0 |      0 |    268 |   1 |  338.0 |
       Dungeon |    338 |    338 |      0 |      0 |    268 |   1 |  338.0 |
               +--------+--------+--------+--------+--------+-----+--------+

Top non-repeatable levels by time:
     D:1: 338 daAuts
